 Dungeon Crawl Stone Soup version 0.29.1-2-gbd0b4ee654 (webtiles) character file.

Game seed: 16215955691546536533

673 safid the Shooter (level 7, -6/66 HPs)
             Began as a Minotaur Hunter on Nov 29, 2022.
             Was an Initiate of Okawaru.
             Mangled by a gnoll
             ... wielding a +0 halberd
             ... led by a gnoll bouda
              (14 damage)
             ... on level 5 of the Dungeon.
             The game lasted 00:10:22 (4329 turns).

safid the Shooter (Minotaur Hunter)                 Turns: 4329, Time: 00:10:23

Health: -6/66      AC:  3    Str: 16    XL:     7   Next: 33%
Magic:  6/6        EV: 12    Int:  6    God:    Okawaru [......]
Gold:   315        SH:  0    Dex: 15    Spells: 6/6 levels left

rFire   . . .      SeeInvis .   a - +0 shortbow
rCold   + . .      Faith    .   (shield currently unavailable)
rNeg    . . .      Spirit   .   c - +0 leather armour
rPois   .          Reflect  .   (helmet restricted)
rElec   .          Harm     .   (no cloak)
rCorr   .          Rampage  .   (no gloves)
Will    .....                   (no boots)
Stlth   +.........              (no amulet)
HPRegen 0.21/turn               d - ring of protection from cold
MPRegen 0.10/turn               (no ring)

@: no status effects
A: horns 2, retaliatory headbutt
a: Renounce Religion


You were on level 5 of the Dungeon.
You worshipped Okawaru.
Okawaru was noncommittal.
You visited 2 branches of the dungeon, and saw 6 of its levels.

You collected 315 gold pieces.

Inventory:

Hand Weapons
 a - a +0 shortbow (weapon)
Armour
 c - a +0 leather armour (worn)
Jewellery
 d - a ring of protection from cold (left hand)
 r - a ring of fire
Wands
 q - a wand of iceblast (14)
Scrolls
 b - a scroll of immolation
 f - 3 scrolls of teleportation {unknown}
 g - 2 scrolls of fear {unknown}
 i - a scroll of identify {unknown}
 k - 2 scrolls of enchant armour {unknown}
 l - a scroll of vulnerability {unknown}
 o - a scroll of fog {unknown}
 p - a scroll of enchant weapon {unknown}
 v - a scroll of amnesia {unknown}
 w - a scroll of noise {unknown}
Potions
 e - a potion of heal wounds
 h - 3 potions of magic {unknown}
 j - a potion of haste {unknown}
 m - 4 potions of curing {unknown}
 n - a potion of ambrosia
 s - a potion of lignification {unknown}
 t - a potion of degeneration {unknown}
 u - a potion of flight {unknown}


   Skills:
 + Level 7.2 Fighting
 + Level 7.6 Ranged Weapons
 - Level 2.1 Dodging
 - Level 0.7 Stealth


You had 6 spell levels left.
You didn't know any spells.
Your spell library contained the following spells:

 Spells                   Type           Power      Damage    Failure   Level
 Necrotise                Necr           0%         1d4       52%         1
 Sting                    Tmut/Pois      0%         1d3       52%         1
 Vampiric Draining        Necr           0%         2d6       88%         3
 Agony                    Necr           0%         N/A       100%        5


Dungeon Overview and Level Annotations

Branches:
Dungeon (5/15)             Temple (1/1) D:5

Altars:
Ashenzari
Dithmenos
Elyvilon
Gozag
Hepliaklqana
Makhleb
Nemelex Xobeh
Okawaru
Qazlal
Ru
Trog
Uskayaw
Xom
Yredelemnul
Zin
The Shining One


Innate Abilities, Weirdness & Mutations

You have a pair of horns on your head.
You reflexively headbutt those who attack you in melee.


Message History

The gnoll bouda gazes fiercely through you!
You feel your attacks grow feeble.
The gnoll bouda hits you with a +0 club!
* * * LOW HITPOINT WARNING * * *
You feel much better.
The gnoll hits you from afar with a +0 halberd.
The gnoll bouda closely misses you.
Fire: a) +0 shortbow
Press: ? - help, Q - select action, (/) - cycle Shift-Dir - straight line, f/p - gnoll bouda
Aim: a gnoll bouda, wielding a +0 club and wearing a +0 leather armour (severely wounded, 69% to hit)
You shoot an arrow. The arrow hits the gnoll bouda.
The gnoll bouda is almost dead.
The gnoll hits you from afar with a +0 halberd!
* * * LOW HITPOINT WARNING * * *
The gnoll bouda prays to its god.
The gnoll bouda is healed somewhat.
Fire: a) +0 shortbow
Press: ? - help, Q - select action, (/) - cycle Shift-Dir - straight line, f/p - gnoll bouda
Aim: a gnoll bouda, wielding a +0 club and wearing a +0 leather armour (severely wounded, 69% to hit)
You shoot an arrow. The arrow hits the gnoll bouda!
You kill the gnoll bouda!
Okawaru accepts your kill.
The gnoll hits you from afar with a +0 halberd!
* * * LOW HITPOINT WARNING * * *
Fire: a) +0 shortbow
Press: ? - help, Q - select action, (/) - cycle Shift-Dir - straight line, f - gnoll
Aim: a gnoll, wielding a +0 halberd (lightly wounded, covering ground quickly, 69% to hit)
You shoot an arrow. The arrow hits the gnoll!
The gnoll is severely wounded.
Your attacks no longer feel as feeble.
The gnoll hits you from afar with a +0 halberd.
* * * LOW HITPOINT WARNING * * *
Fire: a) +0 shortbow
Press: ? - help, Q - select action, (/) - cycle Shift-Dir - straight line, f/p - gnoll
Aim: a gnoll, wielding a +0 halberd (severely wounded, covering ground quickly, 69% to hit)
You shoot an arrow. The arrow barely misses the gnoll.
The arrow hits the gnoll.
The gnoll is lightly wounded.
The gnoll hits you from afar with a +0 halberd!
You die...

## #. ################.
#....#...........
########....#...........
.......'....'...........
########....#...........
...S####....#..........)
...ggg)@....#..........#
###.####....#..........#
#................
...............##
##.###...........#
#.###...........#
................#
................#
................#


You could see a water moccasin and 3 gnolls.

Vanquished Creatures
  A black bear (D:4)
  A phantom (D:5)
  2 jellies
  The ghost of VibeKiller the Sneak, a weakling SpEn of Ru (D:3)
  A gnoll bouda (D:5)
  2 hounds (D:5)
  An iguana (D:5)
  3 orc wizards
  Robin (D:2)
  2 gnolls (D:5)
  5 adders
  A white imp (D:3)
  3 dart slugs
  2 adder simulacra (D:3)
  4 orcs
  7 ball pythons
  3 bats (D:3)
  12 endoplasms
  2 giant cockroaches
  18 goblins
  9 hobgoblins
  7 jackals
  5 quokkas
  A ball python simulacrum (D:3)
  2 frilled lizards
  8 kobolds
  22 rats
126 creatures vanquished.

Notes
Turn   | Place    | Note
-------+----------+-------------------------------------------
     0 | D:1      | safid the Minotaur Hunter began the quest for the Orb.
     0 | D:1      | Reached XP level 1. HP: 18/18 MP: 0/0
   290 | D:1      | Reached XP level 2. HP: 18/26 MP: 1/1
   851 | D:2      | Noticed Robin
   856 | D:2      | Reached skill level 5 in Ranged Weapons
   856 | D:2      | Reached XP level 3. HP: 25/31 MP: 2/2
  1072 | D:2      | Killed Robin
  1322 | D:2      | Found a faded altar of an unknown god.
  1330 | D:2      | Got Plato's Vellum of the Black Widow
  1506 | D:2      | Reached XP level 4. HP: 39/40 MP: 3/3
  1604 | D:3      | Found a runed translucent gate.
  1604 | D:3      | Found a runed translucent gate.
  1607 | D:3      | Found a runed translucent gate.
  1825 | D:3      | Found a glowing silver altar of Zin.
  2138 | D:3      | Found a shadowy altar of Dithmenos.
  2139 | D:3      | Found a burning altar of Makhleb.
  2141 | D:3      | Found a shimmering altar of Xom.
  2141 | D:3      | Found a hazy altar of Hepliaklqana.
  2143 | D:3      | Found a white marble altar of Elyvilon.
  2146 | D:3      | Found a hide-covered altar of Uskayaw.
  2467 | D:3      | Noticed VibeKiller's ghost (weakling SpEn)
  2502 | D:3      | Killed VibeKiller's ghost
  2503 | D:3      | Reached XP level 5. HP: 47/47 MP: 4/4
  2667 | D:4      | Reached skill level 5 in Fighting
  3020 | D:4      | Found an opulent altar of Gozag.
  3317 | D:4      | Reached XP level 6. HP: 46/57 MP: 5/5
  3638 | D:4      | Identified the +5 mace of Ecvih {vorpal, rC+}
  3675 | D:5      | Entered Level 5 of the Dungeon
  4053 | D:5      | Reached XP level 7. HP: 58/64 MP: 6/6
  4155 | D:5      | Found a staircase to the Ecumenical Temple.
  4174 | Temple   | Entered the Ecumenical Temple
  4226 | Temple   | Became a worshipper of Warmaster Okawaru
  4329 | D:5      | Mangled by a gnoll

Illustrated notes

Levels and vault maps discovered:
D:1:      kennysheep_arrival_seaside, layout_basic
D:2:      layout_rooms, shapermc_ecumenical_altar_rom_forum, uniq_robin
D:3:      layout_basic, grunt_temple_overflow_open, lemuel_round_altar,
          gammafunk_ghost_icy, minmay_rat_hole
D:4:      black_bear_nest_2, layout_basic, nicolae_gozag_seed_capital,
          nrook_loot_triangle
D:5:      layout_basic, minmay_temple_entry_ruins
Temple:   nicolae_temple_ecumenical_triangle

Skill      XL: |  1  2  3  4  5  6  7 |
---------------+----------------------+-----
Fighting       | 3 4 5 6 7 |  7.2
Ranged Weapons | 5 6 7 |  7.6
Dodging        | |  2.1
Stealth        | |  0.7

Action                   |  1- 3 |  4- 6 |  7- 9 || total
-------------------------+-------+-------+-------++-------
Melee: Shortbow          |     1 |     2 |       ||     3
 Fire: Shortbow          |    91 |   209 |    45 ||   345
  Use: Potion            |     3 |       |     1 ||     4
Armor: Leather armour    |    10 |    36 |     2 ||    48
Dodge: Dodged            |    45 |    66 |    39 ||   150
